 Dungeon Crawl Stone Soup version 0.27-a0-1105-g946c659c87 (webtiles) character file.

Game seed: 16870725554466537641

237 robertstho the Sneak (level 6, -3/43 HPs)
             Began as an Octopode Berserker on Apr 29, 2021.
             Was a Believer of Trog.
             Slain by a goblin
             ... wielding a +0 club
             ... led by Robin
              (5 damage)
             ... on level 3 of the Dungeon.
             The game lasted 00:03:40 (2180 turns).

robertstho the Sneak (Octopode Berserker)           Turns: 2180, Time: 00:03:41

Health: -3/43      AC:  1    Str: 16    XL:     6   Next: 6%
Magic:  6/6        EV: 15    Int: 10    God:    Trog [**....]
Gold:   101        SH:  0    Dex: 19    Spells: 5/5 levels left

rFire    . . .     SeeInvis .   a - +0 short sword
rCold    . . .     Faith    .   (no shield)
rNeg     . . .     Spirit   .   (helmet restricted)
rPois    .         Reflect  .   (no amulet)
rElec    .         Harm     .   f - +6 ring of dexterity
rCorr    .         Rampage  .   (no ring)
Will     ++...                  (no ring)
Stlth    ++++......             (no ring)
HPRegen  1.14/turn              (no ring)
MPRegen  0.10/turn              (no ring)
                                (no ring)
                                (no ring)

@: strong-willed, on berserk cooldown, regenerating, slowed, very slow
A: almost no armour, amphibious, 8 rings, camouflage 1, gelatinous body 1,
(nimble swimmer 1), tentacles
a: Renounce Religion, Berserk, Trog's Hand


You were on level 3 of the Dungeon.
You worshipped Trog.
Trog was pleased with you.
You visited 1 branch of the dungeon, and saw 3 of its levels.

You collected 101 gold pieces.

Inventory:

Hand Weapons
 a - a +0 short sword (weapon)
Jewellery
 f - a +6 ring of dexterity (left tentacle)
Scrolls
 d - a scroll of identify {unknown}
Potions
 b - 2 potions of curing {unknown}
 c - 2 potions of lignification {unknown}
 e - a potion of flight {unknown}
 g - a potion of resistance {unknown}


   Skills:
 * Level 4.0 Fighting
 + Level 3.9 Short Blades
 * Level 3.9 Dodging
 * Level 5.0 Stealth


You had 5 spell levels left.
You didn't know any spells.
Your spell library was empty.

Dungeon Overview and Level Annotations

Branches:
Dungeon (3/15)

Altars:


Innate Abilities, Weirdness & Mutations

You cannot wear most types of armour.
You are amphibious.
You can wear up to eight rings at the same time.
Your skin changes colour to match your surroundings (Stealth+).
Your rubbery body absorbs attacks. (AC +1, EV +1)
((You are camouflaged near water. (Stealth+)))
You have tentacles for arms and can constrict up to eight enemies at once.


Message History

Trog accepts your kill.
You feel sick.
A goblin comes into view. It is wielding a +0 club.
A goblin comes into view. It is wielding a +0 dagger.
You feel sick.
The goblin shouts!
You see here a +0 dagger.
You feel a strong urge to attack something.
You feel sick.
Things that are here:
a +0 dagger; a goblin corpse You feel sick.
A goblin comes into view. It is wielding a +0 dagger.
The goblin barely misses you.
You closely miss the goblin. Your grab misses the goblin.
Your squeeze misses the goblin. You puncture the goblin!
You kill the goblin!
Trog accepts your kill.
You feel sick.
The goblin drinks a potion.
The goblin seems to speed up.
You feel sick. The goblin hits you with a +0 dagger.
* * * LOW HITPOINT WARNING * * *
You see here a +0 dagger.
You puncture the goblin!
You kill the goblin!
Trog accepts your kill.
Your Stealth skill increases to level 5!
You are no longer berserk.
You are exhausted.
You feel yourself slow down.
You feel sick.
Your skin crawls.
You feel strong-willed.
You feel sick.
You are no longer poisoned.
The goblin hits you with a +0 club.
* * * LOW HITPOINT WARNING * * *
The goblin hits you with a +0 club.
* * * LOW HITPOINT WARNING * * *
The goblin hits you with a +0 club.
You die...

#.# .# #.# .# #.#
.## #.# #### ..###
#.# #.g ....
#.#####)# ..#
#.....#)####.#
##...#.#)))g))#
##.###..#####@.#
##.## ##.#####..###
###.## ##.#.......#
#...# #...##........
#.#.# #.#.##.##.####
#.##.# #..#..... ...
#.#
#.###...#.##.##.##..
#.# #...#..#.##.# .
#.#####.##..#.....


You could see a goblin (fast).

Vanquished Creatures
  Sigmund (D:2)
  Robin (D:3)
  A worm (D:2)
  A dart slug (D:2)
  An orc (D:3)
  4 ball pythons
  2 endoplasms
  13 giant cockroaches
  11 goblins
  4 hobgoblins
  4 jackals (D:1)
  A quokka (D:1)
  3 bats (D:1)
  2 frilled lizards
  5 kobolds
  5 rats
59 creatures vanquished.

Vanquished Creatures (others)
  A fungus (D:2)
1 creature vanquished.

Grand Total: 60 creatures vanquished

Notes
Turn   | Place    | Note
-------+----------+-------------------------------------------
     0 | D:1      | robertstho the Octopode Berserker began the quest for the
                  | Orb.
     0 | D:1      | Reached XP level 1. HP: 16/16 MP: 1/1
   218 | D:1      | Reached XP level 2. HP: 21/21 MP: 2/2
   538 | D:1      | Found a faded altar of an unknown god.
   611 | D:1      | Reached skill level 1 in Stealth
   614 | D:1      | Reached XP level 3. HP: 20/26 MP: 3/3
   902 | D:2      | Noticed Sigmund
  1295 | D:2      | Killed Sigmund
  1296 | D:2      | Reached skill level 4 in Stealth
  1296 | D:2      | Reached XP level 4. HP: 21/33 MP: 4/4
  1296 | D:2      | Reached XP level 5. HP: 23/37 MP: 5/5
  1866 | D:3      | Reached ** piety under Trog
  2162 | D:3      | Noticed Robin
  2169 | D:3      | Killed Robin
  2170 | D:3      | Reached XP level 6. HP: 17/43 MP: 6/6
  2179 | D:3      | Reached skill level 5 in Stealth
  2180 | D:3      | HP: 2/43 [goblin/+0 club[Robin] (1)]
  2180 | D:3      | Slain by a goblin

Illustrated notes

Levels and vault maps discovered:
D:1:      minmay_arrival_shattered_statue, layout_loops_ring,
          shapermc_ecumenical_altar_venn
D:2:      layout_basic, minmay_increasing_density, uniq_sigmund,
          uniq_crazy_yiuf_cottage
D:3:      minmay_roachtagon, layout_loops_ring, uniq_grinder, uniq_jessica,
          uniq_robin

Skill      XL: |  1  2  3  4  5  6 |
---------------+-------------------+-----
Stealth        | 1 4 5 |  5.0
Fighting       | 4 |  4.0
Short Blades   | |  3.9
Dodging        | |  3.9

Action                   |  1- 3 |  4- 6 || total
-------------------------+-------+-------++-------
Melee: Short sword       |    56 |    42 ||    98
       Constrict         |    13 |     8 ||    21
       Tentacles         |     6 |    11 ||    17
Invok: Berserk           |     1 |     2 ||     3
       Trog's Hand       |       |     1 ||     1
  Use: Scroll            |     3 |       ||     3
 Stab: Sleeping          |    10 |     3 ||    13
Armor: Skin              |     1 |     2 ||     3
Dodge: Dodged            |    26 |    35 ||    61

Table legend: (Time is in decaauts)
 A = Elapsed time spent in this place.
 B = Non-inter-level travel time spent in this place.
 C = Inter-level travel time spent in this place.
 D = Time resting spent in this place.
 E = Time spent auto-exploring this place.
 F = Levels seen in this place.
 G = Mean time per level.
                   A        B        C        D        E       F      G
               +--------+--------+--------+--------+--------+-----+--------+
         Total |   2188 |   2138 |     50 |    536 |   1277 |   3 |  729.3 |
       Dungeon |   2188 |   2138 |     50 |    536 |   1277 |   3 |  729.3 |
               +--------+--------+--------+--------+--------+-----+--------+

Top non-repeatable levels by time:
     D:1: 1364 daAuts
     D:3: 581 daAuts
     D:2: 242 daAuts
